[Event "Team 45 45 League T33"]
[Site "Internet Chess Club"]
[Date "2007.05.26"]
[Round "6"]
[White "tryanything"]
[Black "Socraticchess"]
[Result "1-0"]
[WhiteElo "1680"]
[BlackElo "1810"]
[ECO "D32"]
[TimeControl "2700+45"]

1. c4 e6 2. Nc3 d5 3. d4 c5 4. e3 Nc6 5. Nf3 Nf6 6. a3 cxd4 7. exd4 Be7 8. cxd5
exd5 9. Be2 O-O 10. O-O Re8 11. Re1 Bf5 12. Bd3 Bg4 13. Be2 Qb6 14. h3 Bxf3 15.
Bxf3 Rad8 16. Rb1 Qxd4 17. Nb5 Qxd1 18. Rxd1 Bc5 19. Nc7 Re7 20. Bf4 d4 21. b4
Bb6 22. Nb5 a6 23. Nd6 g5 24. Nxb7 Nd5 25. Nxd8 {Black resigns} 1-0

[Event "Team 45 45 League T33"]
[Site "Internet Chess Club"]
[Date "2007.05.26"]
[Round "6"]
[White "Dodgee"]
[Black "FiendAngelical"]
[Result "0-1"]
[WhiteElo "1703"]
[BlackElo "1766"]
[ECO "B33"]
[TimeControl "2700+45"]

1. e4 c5 2. Nf3 Nc6 3. d4 cxd4 4. Nxd4 Nf6 5. Nc3 e5 6. Nb3 Bb4 7. Bg5 h6 8.
Bxf6 Bxc3+ 9. bxc3 Qxf6 10. Bc4 O-O 11. O-O d6 12. Rb1 Qg6 13. Nd2 Bg4 14. f3
Bh3 15. Rf2 b6 16. Bd5 Rac8 17. c4 Ne7 18. Rb4 Nxd5 19. cxd5 f5 20. Kh1 fxe4 21.
gxh3 e3 22. Rg2 Qxc2 23. Qxc2 Rxc2 24. Ne4 e2 25. Rb1 Rxf3 26. Rbg1 Rf1 27.
Rxg7+ Kf8 28. Rg8+ Ke7 29. Ng3 Rxg1+ 30. Kxg1 e1=Q+ 31. Nf1 Qf2+ {White resigns}
0-1

[Event "Team 45 45 League T33"]
[Site "Internet Chess Club"]
[Date "2007.05.25"]
[Round "6"]
[White "livis"]
[Black "Allessia"]
[Result "0-1"]
[WhiteElo "2052"]
[BlackElo "2291"]
[ECO "B21"]
[TimeControl "2700+45"]

1. e4 c5 2. f4 Nc6 3. Nf3 d5 4. exd5 Qxd5 5. Nc3 Qe6+ 6. Be2 Bd7 7. O-O O-O-O 8.
d3 Nd4 9. Nxd4 cxd4 10. f5 Qb6 11. Ne4 Nh6 12. Bxh6 Qxh6 13. Rf3 e5 14. c3 dxc3
15. Rc1 Qb6+ 16. Kh1 Qxb2 17. Rxc3+ Kb8 18. Rc2 Qb6 19. h3 Ba4 20. Rc8+ Rxc8 21.
Qxa4 Qb1+ 22. Rf1 Qc2 23. Qxc2 Rxc2 24. Bf3 Rxa2 25. Ng5 Bc5 26. Nxf7 Re8 27.
Be4 a5 28. Ng5 Re7 29. Rb1 a4 30. Nxh7 a3 31. f6 gxf6 32. Nxf6 Bd4 33. Bd5 Rf2
34. Ng8 Rd7 35. Bc4 Rg7 36. g4 Rh7 {White resigns} 0-1

[Event "Team 45 45 League T33"]
[Site "Internet Chess Club"]
[Date "2007.06.01"]
[Round "6"]
[White "makito"]
[Black "baumhauer"]
[Result "0-1"]
[WhiteElo "1761"]
[BlackElo "2019"]
[ECO "D35"]
[TimeControl "2700+45"]

1. d4 d5 2. c4 e6 3. Nc3 Nf6 4. e3 Be7 5. Nf3 O-O 6. Bd3 b6 7. cxd5 exd5 8. Qc2
Bb7 9. Ne5 Nbd7 10. O-O c5 11. Nxd7 Qxd7 12. Bf5 Qd8 13. Bd2 g6 14. Bd3 Rc8 15.
Qa4 a6 16. Rac1 b5 17. Qd1 c4 18. Bb1 b4 19. Ne2 Bd6 20. Ng3 Rc7 21. Qe1 Qe7 22.
f3 Re8 23. Qf2 h5 24. Rfe1 Qd7 25. Ne2 Kg7 26. Qh4 Nh7 27. e4 dxe4 28. fxe4 Be7
29. Qf4 Bg5 30. Qxg5 Nxg5 31. Bxg5 Bxe4 32. Rf1 Bxb1 33. Bf6+ Kh7 34. Be5 Bd3
35. Bxc7 Qxc7 {White resigns} 0-1

[Event "Team 45 45 League T33"]
[Site "Internet Chess Club"]
[Date "2007.05.27"]
[Round "6"]
[White "Mikey29a"]
[Black "LoseOften"]
[Result "1/2-1/2"]
[WhiteElo "1635"]
[BlackElo "1772"]
[ECO "B90"]
[TimeControl "2700+45"]

1. e4 c5 2. Nf3 d6 3. d4 cxd4 4. Nxd4 Nf6 5. Nc3 a6 6. Be3 Ng4 7. Bg5 h6 8. Bh4
g5 9. Bg3 Bg7 10. Be2 h5 11. h3 Nf6 12. f3 Nc6 13. Qd2 Qb6 14. Nb3 Bd7 15. Bf2
Qc7 16. Be3 Nh7 17. g4 h4 18. O-O-O b5 19. Nd5 Qb7 20. Nb6 Rb8 21. Nxd7 Qxd7 22.
Nd4 Rc8 23. Nf5 Bf6 24. f4 Qc7 25. Kb1 gxf4 26. Bxf4 Ne5 27. Rdg1 Ng5 28. Bxg5
Bxg5 29. Qxg5 Qxc2+ 30. Ka1 f6 31. Qg7 Nf7 32. Bf3 Qd3 33. Bg2 Rc2 34. Rc1 Rxc1+
35. Rxc1 Qd2 36. Kb1 Qd3+ 37. Rc2 e6 38. Nxd6+ Qxd6 39. Qxf6 Qd1+ 40. Rc1 Qd3+
41. Rc2 Rh6 42. Qc3 Qxc3 43. Rxc3 e5 44. Kc2 Rf6 45. Rf3 Rxf3 46. Bxf3 Ng5 47.
Bg2 Kd7 48. Kd3 a5 49. b3 Kd6 50. a3 Kc5 51. Kc3 Ne6 52. b4+ axb4+ 53. axb4+ Kc6
54. Bf1 {Game drawn by mutual agreement} 1/2-1/2

[Event "Team 45 45 League T33"]
[Site "Internet Chess Club"]
[Date "2007.05.25"]
[Round "6"]
[White "syy89"]
[Black "EdBorowski"]
[Result "0-1"]
[WhiteElo "2063"]
[BlackElo "1991"]
[ECO "B38"]
[TimeControl "2700+45"]

1. e4 c5 2. Nf3 Nc6 3. d4 cxd4 4. Nxd4 g6 5. c4 Bg7 6. Be3 d6 7. Nc3 Nf6 8. f3
O-O 9. Be2 Qa5 10. O-O Nxd4 11. Bxd4 Bd7 12. Qd2 Rac8 13. Rab1 a6 14. Be3 b5 15.
Nd5 Qd8 16. Bb6 Qe8 17. Nc7 Qd8 18. Qa5 Rb8 19. Nd5 Qe8 20. b3 Nxd5 21. cxd5 Rc8
22. Rfc1 e6 23. Bc7 Qe7 24. Qb4 Be5 25. g3 exd5 26. f4 Be6 27. fxe5 Rxc7 28.
exd6 Rxc1+ 29. Rxc1 Qa7+ 30. Kg2 Qe3 31. Rc2 Rd8 32. Rd2 Qxe4+ 33. Qxe4 dxe4 34.
Kf2 f5 35. Ke3 Kf7 36. g4 Kf6 37. a4 Ke5 38. gxf5 gxf5 39. Kf2 f4 40. Rb2 e3+
41. Ke1 Ke4 {White resigns} 0-1

[Event "Team 45 45 League T33"]
[Site "Internet Chess Club"]
[Date "2007.05.27"]
[Round "6"]
[White "Flying-Tiger"]
[Black "azbycx"]
[Result "1/2-1/2"]
[WhiteElo "1943"]
[BlackElo "1928"]
[ECO "B29"]
[TimeControl "2700+45"]

1. e4 c5 2. Nf3 Nf6 3. e5 Nd5 4. Nc3 Nxc3 5. dxc3 e6 6. Bd3 d5 7. exd6 Bxd6 8.
Bb5+ Nc6 9. O-O O-O 10. Be3 Qc7 11. Qe2 a6 12. Bxc6 Qxc6 13. Rad1 b5 14. Ng5 h6
15. Qd3 Bxh2+ 16. Kxh2 hxg5 17. Bxg5 Bb7 18. Qg3 Qe4 19. Rd7 Bd5 20. Bf6 Qh7+
21. Kg1 c4 22. Be7 Rfe8 23. Rc1 Be4 24. Bf6 Qg6 25. Qxg6 Bxg6 26. Bh4 f6 27. Kf1
Red8 28. Rxd8+ Rxd8 29. Ke2 Kf7 30. Rd1 Rxd1 31. Kxd1 Bh5+ 32. f3 g5 33. Bf2 g4
34. fxg4 Bxg4+ 35. Kd2 e5 36. g3 Ke6 37. a3 a5 38. Bb6 a4 39. Be3 Kd5 40. Bh6
Ke4 41. Bg7 f5 42. Ke1 f4 43. gxf4 exf4 44. Kf2 Bd1 45. Bd4 Bxc2 46. Bc5 Bd1 47.
Bd6 f3 48. Bc5 Kd3 49. Bb4 Kc2 50. Ke1 Be2 51. Kf2 Kxb2 52. Ke1 Kc2 53. Kf2 Kd2
54. Ba5 {Game drawn by mutual agreement} 1/2-1/2

[Event "Team 45 45 League T33"]
[Site "Internet Chess Club"]
[Date "2007.05.26"]
[Round "6"]
[White "alexcolins"]
[Black "LennyH"]
[Result "1/2-1/2"]
[WhiteElo "1776"]
[BlackElo "1885"]
[ECO "A46"]
[TimeControl "2700+45"]

1. d4 Nf6 2. Nf3 e6 3. e3 b6 4. Bd3 Bb7 5. O-O c5 6. c4 Be7 7. Nc3 d5 8. dxc5
Bxc5 9. cxd5 Nxd5 10. Nxd5 Bxd5 11. Bb5+ Bc6 12. Qxd8+ Kxd8 13. Rd1+ Ke7 14.
Bxc6 Nxc6 15. Bd2 Rhd8 16. a3 a5 17. Rac1 Rd7 18. Bc3 Rxd1+ 19. Rxd1 f6 20. Kf1
Rd8 21. Rxd8 Kxd8 22. Nd2 Kd7 23. Ke2 Na7 24. Ne4 Be7 25. Kd3 Nb5 {Game drawn by
mutual agreement} 1/2-1/2

[Event "Team 45 45 League T33"]
[Site "Internet Chess Club"]
[Date "2007.05.26"]
[Round "6"]
[White "Creb"]
[Black "deathmage"]
[Result "1/2-1/2"]
[WhiteElo "1795"]
[BlackElo "1689"]
[ECO "C02"]
[TimeControl "2700+45"]

1. e4 e6 2. d4 d5 3. e5 c5 4. c3 Nc6 5. Nf3 Bd7 6. Bd3 Qb6 7. O-O cxd4 8. cxd4
Nxd4 9. Nxd4 Qxd4 10. Nc3 Qxe5 11. Re1 Qb8 12. Nxd5 Bd6 13. Qg4 Bxh2+ 14. Kh1
Be5 15. f4 Bf6 16. Nxf6+ Nxf6 17. Qxg7 Ke7 18. b3 Qd6 19. Bb2 Rag8 20. Qxf6+ Ke8
21. Be5 Qxd3 22. Bc7 Bc6 23. Rxe6+ fxe6 24. Qxe6+ Kf8 25. Qf6+ Ke8 26. Qe6+ Kf8
{Game drawn by mutual agreement} 1/2-1/2

[Event "Team 45 45 League T33"]
[Site "Internet Chess Club"]
[Date "2007.05.26"]
[Round "6"]
[White "Badu"]
[Black "Budzo"]
[Result "1-0"]
[WhiteElo "1907"]
[BlackElo "1767"]
[ECO "D02"]
[TimeControl "2700+45"]

1. d4 d5 2. Nf3 Nf6 3. Bf4 Nbd7 4. e3 e6 5. Nbd2 Bd6 6. Ne5 Bxe5 7. dxe5 Ne4 8.
Nxe4 dxe4 9. Qd4 c6 10. Qxe4 Nc5 11. Qd4 Qb6 12. a4 a5 13. Rd1 Qb4+ 14. Qxb4
axb4 15. b3 O-O 16. Rd4 Na6 17. Bxa6 Rxa6 18. Rxb4 c5 19. Rc4 b6 20. f3 Ra8 21.
Kf2 Ba6 22. Rc3 Rfd8 23. a5 bxa5 24. Rxc5 Rd2+ 25. Kg3 Bb7 26. Rc7 Ba6 27. Ra1
Be2 28. Rxa5 Rdd8 29. Rxa8 Rxa8 30. c4 h6 31. Kf2 Bd1 32. b4 Bb3 33. e4 Ra2+ 34.
Kg3 g5 35. Be3 Re2 36. Bf2 h5 37. Bc5 Bxc4 38. Be7 h4+ 39. Kh3 g4+ 40. Kxh4 gxf3
41. gxf3 Rxh2+ 42. Kg3 Rc2 43. b5 {Black resigns} 1-0

[Event "Team 45 45 League T33"]
[Site "Internet Chess Club"]
[Date "2007.05.26"]
[Round "6"]
[White "Kasparklunk"]
[Black "Chess2Play"]
[Result "1/2-1/2"]
[WhiteElo "1465"]
[BlackElo "1641"]
[ECO "D30"]
[TimeControl "2700+45"]

1. d4 d5 2. c4 e6 3. Nf3 c5 4. cxd5 exd5 5. e3 Nf6 6. dxc5 Bxc5 7. Nc3 O-O 8.
Bd2 a6 9. h3 Re8 10. Be2 Nc6 11. a3 d4 12. exd4 Nxd4 13. Nxd4 Qxd4 14. O-O Bf5
15. Bg5 Rac8 16. Qxd4 Bxd4 17. Bxf6 Bxc3 18. Bxc3 Rxe2 19. Rfe1 Rce8 20. Rxe2
Rxe2 21. Re1 Rxe1+ 22. Bxe1 Bd3 23. Bc3 g6 24. f3 Kf8 25. Kf2 Ke7 26. Ke3 Bf1
27. Kf2 Bc4 28. Ke3 Ke6 29. g3 Kf5 30. h4 h5 31. Bd4 a5 32. Bc3 a4 33. Bb4 f6
34. Bc3 g5 35. hxg5 fxg5 36. Bb4 h4 37. gxh4 gxh4 38. Bd6 h3 39. Kf2 Kf6 40. Kg3
Be6 41. Bb4 Ke5 42. Bc3+ Kd5 43. f4 Ke4 44. Be5 Ke3 45. Bc3 Kd3 46. Be5 Kc2 47.
Bc3 Kb3 48. Be5 b5 49. Bc3 Bd7 50. Kh2 Kc2 51. Kg3 Kd3 52. Be5 Kc4 53. Bc3 Kb3
54. Be5 b4 55. axb4 Kxb4 56. Bc3+ Kb3 57. Be5 a3 58. bxa3 Kxa3 {Game drawn by
mutual agreement} 1/2-1/2

[Event "Team 45 45 League T33"]
[Site "Internet Chess Club"]
[Date "2007.05.28"]
[Round "6"]
[White "sdcohle"]
[Black "Mutaant"]
[Result "0-1"]
[WhiteElo "1379"]
[BlackElo "1487"]
[ECO "C44"]
[TimeControl "2700+45"]

1. e4 e5 2. Nf3 Nc6 3. g3 Bc5 4. Bg2 Qf6 5. O-O Nge7 6. Nc3 d6 7. d3 h6 8. Qe2
Bg4 9. Be3 Bb4 10. a3 Bxc3 11. bxc3 O-O 12. h3 Bh5 13. g4 Bg6 14. Qd2 Bh7 15.
Rab1 b6 16. g5 hxg5 17. Bxg5 Qg6 18. Nh4 Qe6 19. f4 f6 20. f5 Qf7 21. Be3 g5 22.
Nf3 Qh5 23. Qf2 Kf7 24. Qg3 Ke8 25. Kf2 Rh8 26. Rh1 Bg8 27. Nh2 Qh4 28. Ng4
Qxg3+ 29. Kxg3 Kf7 30. Bd2 Kg7 31. c4 Bf7 32. Bc3 Rh4 33. Nf2 Rah8 34. Bd2 Nd4
35. Bf1 Nxc2 36. a4 Nd4 37. Be3 Nec6 38. Ra1 Nc2 39. Rc1 Nxe3 40. Kf3 Nxf1 41.
Rcxf1 Nd4+ 42. Kg2 Nb3 43. Rb1 Nc5 44. Ra1 Be8 45. a5 Ba4 46. axb6 axb6 47. Ra3
Bc6 48. Ra7 Rc8 49. Rb1 Nxd3 50. Nxd3 Bxe4+ 51. Kg3 Bxd3 52. Rxb6 Bxf5 53. Rxd6
Kg6 54. Rc6 Rxh3+ 55. Kg2 Be4+ 56. Kxh3 Bxc6 57. Ra6 Rh8+ 58. Kg3 Rh4 59. Rxc6
Rh7 60. Kf3 Kf5 61. Kg3 e4 62. Rc5+ Ke6 63. Kg4 Rh4+ 64. Kg3 Rf4 65. Rxc7 e3 66.
Rc8 Kd7 67. Ra8 e2 68. Ra1 Rf1 69. Ra7+ Kc8 70. Ra8+ Kb7 71. Rf8 e1=Q+ 72. Kg4
Qe4+ 73. Kh5 Rh1# {White checkmated} 0-1

[Event "Team 45 45 League T33"]
[Site "Internet Chess Club"]
[Date "2007.05.24"]
[Round "6"]
[White "chessterbaggins"]
[Black "Toalla"]
[Result "1-0"]
[WhiteElo "1422"]
[BlackElo "1460"]
[ECO "B08"]
[TimeControl "2700+45"]

1. e4 d6 2. Nf3 Nf6 3. Nc3 g6 4. d4 Bg7 5. Bc4 Nc6 6. Ng5 e6 7. d5 Ne5 8. Bb5+
c6 9. dxc6 bxc6 10. Be2 h6 11. Nf3 Nxf3+ 12. Bxf3 Bb7 13. O-O O-O 14. Qe2 Qc7
15. Bf4 Nd7 16. Rad1 e5 17. Bg3 a5 18. Na4 Ba6 19. c4 Nb6 20. Nxb6 Qxb6 21. b3
Rfd8 22. Bh4 g5 23. Bg3 d5 24. exd5 cxd5 25. Bxe5 Re8 26. Rxd5 Bb7 27. Rb5 Bxf3
28. Qxf3 Qd8 29. Bxg7 Kxg7 30. Rd5 Qe7 31. h3 Qa3 32. Rd7 Rf8 33. Qc3+ Kg8 34.
Qf6 Kh7 35. Rd6 Qxa2 36. Qxh6+ Kg8 37. Qxg5+ Kh8 38. Rh6# {Black checkmated} 1-0

[Event "Team 45 45 League T33"]
[Site "Internet Chess Club"]
[Date "2007.05.28"]
[Round "6"]
[White "mickeys"]
[Black "lmadueno"]
[Result "1-0"]
[WhiteElo "1681"]
[BlackElo "1616"]
[ECO "E83"]
[TimeControl "2700+45"]

1. d4 g6 2. c4 d6 3. Nc3 Bg7 4. e4 Nc6 5. Be3 Nf6 6. f3 O-O 7. Nge2 e5 8. d5 Ne7
9. Qd2 a5 10. Nc1 Nd7 11. Bh6 f5 12. Bxg7 Kxg7 13. Bd3 f4 14. Bc2 Nf6 15. Nd3 c6
16. dxc6 bxc6 17. b3 Rb8 18. Rd1 g5 19. Nxe5 Qb6 20. Nd3 Kh8 21. Na4 Qa7 22. Nf2
Rg8 23. Qxd6 Nh5 24. Qe5+ Ng7 25. Ng4 Bxg4 26. fxg4 Rbe8 27. Qd4 Qc7 28. O-O Rd8
29. Qb6 Qc8 30. Qc5 Qc7 31. Nc3 Ne6 32. Qf2 Rgf8 33. Ne2 Rxd1 34. Rxd1 f3 35.
gxf3 Nf4 36. Nxf4 Qxf4 37. Kg2 Ng6 38. Qd4+ Kg8 39. Rf1 Nh4+ 40. Kh1 Qxg4 41.
fxg4 Rxf1+ 42. Qg1 Rxg1+ 43. Kxg1 Kf7 44. Kf2 h6 45. Ke3 Ke6 46. Kd4 Nf3+ 47.
Kc5 Nxh2 48. Bd1 Ke5 49. Kxc6 Kxe4 50. Kb6 Nf1 51. c5 Ne3 52. c6 Nd5+ 53. Kb7
Kd4 54. Bf3 Ne7 55. c7 Kc5 56. Ka6 Kd6 57. Kxa5 Kxc7 58. b4 Nc8 59. a4 Nd6 60.
b5 Nc4+ 61. Kb4 Nb6 62. a5 Nd7 63. Bc6 Nb8 64. Be8 Kd8 65. Bc6 Kc7 66. Bd5 Nd7
67. a6 Nb6 68. Bc6 Nc8 69. Kc4 Kb6 70. Kd5 Ne7+ 71. Kd6 Nc8+ 72. Ke6 Na7 73. Kf6
Nxc6 74. bxc6 Kxc6 75. Kg6 Kb6 76. Kxh6 Kxa6 77. Kxg5 Kb7 78. Kf6 Kc8 79. g5 Kd8
80. Kf7 {Black resigns} 1-0

[Event "Team 45 45 League T33"]
[Site "Internet Chess Club"]
[Date "2007.05.27"]
[Round "6"]
[White "stakastra"]
[Black "GrandPoobah069"]
[Result "0-1"]
[WhiteElo "1584"]
[BlackElo "1676"]
[ECO "B50"]
[TimeControl "2700+45"]

1. e4 c5 2. Nf3 d6 3. Nc3 Nf6 4. Bb5+ Bd7 5. Bxd7+ Nbxd7 6. d4 cxd4 7. Nxd4 g6
8. O-O Bg7 9. f4 O-O 10. f5 Rc8 11. Nd5 Nxe4 12. Re1 Ndf6 13. Nxf6+ Nxf6 14.
fxg6 hxg6 15. c3 e5 16. Nb5 Qb6+ 17. Be3 Qxb5 18. Qxd6 Rfd8 19. Qa3 Ng4 20. h3
{White resigns} 0-1

[Event "Team 45 45 League T33"]
[Site "Internet Chess Club"]
[Date "2007.05.30"]
[Round "6"]
[White "IronWill"]
[Black "AntonioMendonca"]
[Result "0-1"]
[WhiteElo "1509"]
[BlackElo "1644"]
[ECO "B23"]
[TimeControl "2700+45"]

1. e4 c5 2. Nc3 Nc6 3. f4 e6 4. Nf3 d5 5. Bb5 a6 6. Bxc6+ bxc6 7. d4 Nf6 8. e5
Nd7 9. Be3 cxd4 10. Nxd4 c5 11. Nde2 d4 12. Nxd4 cxd4 13. Bxd4 Rb8 14. Rb1 Qh4+
15. g3 Qh3 16. Qe2 Bb7 17. Rg1 Be7 18. Bf2 Qxh2 19. Qg4 O-O 20. Ke2 h5 {White
resigns} 0-1

[Event "Team 45 45 League T33"]
[Site "Internet Chess Club"]
[Date "2007.05.25"]
[Round "6"]
[White "Sailor"]
[Black "spacecadet"]
[Result "1/2-1/2"]
[WhiteElo "1859"]
[BlackElo "1985"]
[ECO "B21"]
[TimeControl "2700+45"]

1. e4 c5 2. d4 cxd4 3. c3 dxc3 4. Nxc3 Nc6 5. Nf3 a6 6. Bc4 e6 7. O-O d6 8. Qe2
b5 9. Bb3 Bb7 10. Rd1 Qb8 11. Bf4 Nf6 12. Rd2 Nh5 13. Be3 Be7 14. Rad1 O-O 15.
h3 Nf6 16. a3 Na5 17. Ba2 Bxe4 18. Bf4 Bxf3 19. Qxf3 e5 20. Bg5 Rd8 21. Bxf6
Bxf6 22. Ne4 Nc4 23. Nxf6+ gxf6 24. Qxf6 Rd7 25. Rd3 Qd8 26. Rg3+ Kf8 27. Qh6+
Ke7 28. Qh4+ Ke6 {Game drawn by mutual agreement} 1/2-1/2

[Event "Team 45 45 League T33"]
[Site "Internet Chess Club"]
[Date "2007.05.27"]
[Round "6"]
[White "PublisherKing"]
[Black "Budha"]
[Result "1-0"]
[WhiteElo "1830"]
[BlackElo "1691"]
[ECO "D17"]
[TimeControl "2700+45"]

1. d4 d5 2. c4 c6 3. Nf3 Nf6 4. Nc3 dxc4 5. a4 Bf5 6. Ne5 e6 7. Nxc4 Bb4 8. e3
Nd5 9. Bd2 O-O 10. Be2 Bg6 11. O-O Qh4 12. Nxd5 Bxd2 13. Nc7 Ba5 14. Nxa5 {Black
resigns} 1-0

[Event "Team 45 45 League T33"]
[Site "Internet Chess Club"]
[Date "2007.05.26"]
[Round "6"]
[White "reinaroja"]
[Black "PurdyInSydney"]
[Result "1-0"]
[WhiteElo "2188"]
[BlackElo "2085"]
[ECO "B16"]
[TimeControl "2700+45"]

1. e4 c6 2. d4 d5 3. Nc3 dxe4 4. Nxe4 Nf6 5. Nxf6+ gxf6 6. Nf3 Na6 7. Bxa6 bxa6
8. Qd3 Qd5 9. c4 Bf5 10. Qe2 Qe4 11. Qxe4 Bxe4 12. Ke2 O-O-O 13. Be3 Kb7 14.
Rhd1 e6 15. Ne1 Kb6 16. f3 Bg6 17. Nd3 Be7 18. Nf4 Kb7 19. Rac1 Bf5 20. Rc3 h5
21. d5 cxd5 22. cxd5 {Black got disconnected and forfeits} 1-0

[Event "Team 45 45 League T33"]
[Site "Internet Chess Club"]
[Date "2007.06.02"]
[Round "6"]
[White "Warning"]
[Black "Klampin"]
[Result "0-1"]
[WhiteElo "1810"]
[BlackElo "2023"]
[ECO "B10"]
[TimeControl "2700+45"]

1. e4 c6 2. d3 d5 3. f3 e5 4. g3 Nf6 5. Bg2 Bc5 6. Qe2 Qb6 7. Nh3 dxe4 8. dxe4
O-O 9. Nf2 Be6 10. O-O Na6 11. Kh1 Rad8 12. Nc3 Bd4 13. Na4 Qb4 14. c3 Qxa4 15.
cxd4 exd4 16. Bg5 Bc4 17. Nd3 Qb5 18. Rfd1 Qxg5 19. b3 Bxd3 20. Qxd3 Qe3 21. Qc4
c5 22. f4 Nxe4 {White resigns} 0-1

[Event "Team 45 45 League T33"]
[Site "Internet Chess Club"]
[Date "2007.05.27"]
[Round "6"]
[White "AlexeiD"]
[Black "singularity"]
[Result "1-0"]
[WhiteElo "2049"]
[BlackElo "1781"]
[ECO "C06"]
[TimeControl "2700+45"]

1. e4 e6 2. d4 d5 3. Nd2 Nf6 4. e5 Nfd7 5. Bd3 c5 6. c3 Nc6 7. Ne2 cxd4 8. cxd4
f6 9. exf6 Nxf6 10. Nf3 Qc7 11. O-O Bd6 12. Bg5 O-O 13. Rc1 g6 14. Re1 Qg7 15.
Nc3 a6 16. Na4 Bd7 17. Nc5 Bxc5 18. dxc5 Nh5 19. Qd2 Rf7 20. Bb1 Nd8 21. Ne5 Rf5
22. Bxf5 gxf5 23. Bh6 Qe7 24. Nxd7 Qxd7 25. Qg5+ Ng7 26. Re3 Nf7 27. Qxg7#
{Black checkmated} 1-0

[Event "Team 45 45 League T33"]
[Site "Internet Chess Club"]
[Date "2007.05.26"]
[Round "6"]
[White "Visin"]
[Black "scottrugby"]
[Result "0-1"]
[WhiteElo "1303"]
[BlackElo "1440"]
[ECO "B27"]
[TimeControl "2700+45"]

1. e4 c5 2. Nf3 g6 3. d3 Bg7 4. c3 Nc6 5. Be3 d6 6. Be2 Nf6 7. Nbd2 Ng4 8. O-O
Nxe3 9. fxe3 O-O 10. Qb3 b6 11. Ng5 e6 12. d4 Qxg5 13. Rf3 cxd4 14. cxd4 Bxd4
15. exd4 Nxd4 16. Rg3 Nxb3 17. Rxg5 Nxa1 {White resigns} 0-1

[Event "Team 45 45 League T33"]
[Site "Internet Chess Club"]
[Date "2007.05.26"]
[Round "6"]
[White "valjean"]
[Black "katabatico"]
[Result "1-0"]
[WhiteElo "1219"]
[BlackElo "1326"]
[ECO "C71"]
[TimeControl "2700+45"]

1. e4 e5 2. Nf3 Nc6 3. Bb5 a6 4. Ba4 d6 5. h3 Nf6 6. Nc3 Bd7 7. d3 Be7 8. O-O b5
9. Bb3 Na5 10. Nd5 Nxb3 11. axb3 Nxd5 12. exd5 O-O 13. c4 b4 14. Re1 Re8 15. Bd2
a5 16. d4 Bf6 17. dxe5 dxe5 18. Qc1 h6 19. Nh2 e4 20. Re2 Be5 21. Kh1 f5 22. f3
Bg3 23. Bf4 Bh4 24. Qc2 exf3 25. Rxe8+ Qxe8 26. Nxf3 Bd8 27. Re1 Qf8 28. Qd2 g5
29. d6 c5 30. Qd5+ Kh7 31. Qxa8 gxf4 32. Qd5 Bf6 33. Qxc5 Bxb2 34. Re7+ Kg6 35.
Rxd7 Qf6 36. Rc7 Qc3 37. Nh4+ Kg5 38. Nf3+ Kf6 39. Qd5 Qc1+ 40. Kh2 Kg6 41. Qf7#
{Black checkmated} 1-0

[Event "Team 45 45 League T33"]
[Site "Internet Chess Club"]
[Date "2007.05.27"]
[Round "6"]
[White "chips"]
[Black "gentle-spirit"]
[Result "1-0"]
[WhiteElo "1242"]
[BlackElo "1279"]
[ECO "A01"]
[TimeControl "2700+45"]

1. b3 e6 2. Bb2 d5 3. d3 Nf6 4. e3 Bc5 5. Nf3 Nc6 6. Nbd2 O-O 7. d4 Bb6 8. Be2
Ne4 9. O-O Qf6 10. a4 e5 11. Nxe5 Nxe5 12. dxe5 Qe6 13. Nxe4 dxe4 14. h3 c6 15.
Bg4 f5 16. exf6 Qxf6 17. Bxc8 Raxc8 18. Bxf6 Rxf6 19. Qd7 Rc7 20. Qg4 Re7 21. a5
Bc7 22. b4 a6 23. c4 Ree6 24. Rad1 Rg6 25. Qe2 Rxg2+ 26. Kxg2 Rg6+ 27. Kh1 Rh6
28. Qg4 Be5 29. Rd8+ {Black resigns} 1-0

[Event "Team 45 45 League T33"]
[Site "Internet Chess Club"]
[Date "2007.05.26"]
[Round "6"]
[White "WCB"]
[Black "CoasterBrake"]
[Result "1-0"]
[WhiteElo "1066"]
[BlackElo "1067"]
[ECO "C42"]
[TimeControl "2700+45"]

1. e4 e5 2. Nf3 Nf6 3. Nxe5 Nxe4 4. Qe2 d5 5. d3 Qe7 6. Bf4 Nf6 7. Bg5 Qb4+ 8.
c3 Qd6 9. Ng6+ Ne4 10. Nxh8 Be7 11. Bxe7 Qxe7 12. dxe4 dxe4 13. Qe3 Nc6 14. Bc4
Be6 15. Qxe4 Bxc4 16. Nd2 Qxe4+ 17. Nxe4 O-O-O 18. Nxf7 Bxf7 19. O-O Bc4 20.
Rfd1 Re8 21. Re1 Ne5 22. Ng5 h6 23. b3 Bd5 24. c4 Bg8 25. Nf3 Nxf3+ 26. gxf3 Rf8
27. Re3 Rf5 28. Rd1 Bf7 29. Red3 Rg5+ 30. Kf1 b6 31. Rd8+ Kb7 32. R1d7 Be6 33.
Re7 Bh3+ 34. Ke2 Rg1 35. Rd1 Rg2 36. a4 Rxh2 37. Rxg7 Bf5 38. Rd5 Rh5 39. Ke3
{Black resigns} 1-0

[Event "Team 45 45 League T33"]
[Site "Internet Chess Club"]
[Date "2007.05.25"]
[Round "6"]
[White "gessie7"]
[Black "stpatzer"]
[Result "0-1"]
[WhiteElo "1391"]
[BlackElo "1493"]
[ECO "B50"]
[TimeControl "2700+45"]

1. e4 c5 2. Nf3 d6 3. Nc3 Nc6 4. Be2 Nf6 5. d3 e5 6. Be3 Be7 7. h3 O-O 8. O-O
Be6 9. Ng5 d5 10. Nxe6 fxe6 11. exd5 exd5 12. Na4 d4 13. Bg5 h6 14. Bxf6 Bxf6
15. Nxc5 Qd5 16. Ne4 Be7 17. Bf3 Qf7 18. c3 dxc3 19. Nxc3 Rad8 20. Ne4 Nd4 21.
Bh5 g6 22. Qg4 Kh7 23. Bxg6+ Qxg6 24. Qd1 Rg8 25. g3 Rdf8 26. Qa4 a6 27. Qd7 Rg7
28. Qxb7 Nf3+ 29. Kh1 Bg5 30. Nxg5+ Nxg5 31. Qd5 Nxh3 32. Qxe5 Nxf2+ 33. Kg2
Qc6+ 34. Kh2 Ng4+ {White resigns} 0-1

[Event "Team 45 45 League T33"]
[Site "Internet Chess Club"]
[Date "2007.05.25"]
[Round "6"]
[White "Fidelian"]
[Black "Midwest-Rook"]
[Result "1/2-1/2"]
[WhiteElo "1293"]
[BlackElo "1403"]
[ECO "C46"]
[TimeControl "2700+45"]

1. e4 e5 2. Nf3 Nc6 3. Nc3 Bc5 4. Bb5 a6 5. Bxc6 dxc6 6. Nxe5 Qd4 7. Nd3 Nf6 8.
Nxc5 Qxc5 9. d4 Qe7 10. O-O O-O 11. Bg5 h6 12. Bh4 g5 13. Bg3 b5 14. e5 Nh7 15.
Qf3 Bb7 16. Rad1 Rad8 17. Qg4 Bc8 18. Qf3 Bb7 19. Rfe1 Qb4 20. b3 Qe7 21. Qe4
Qe6 22. h4 f5 23. exf6 Qxf6 24. Qe6+ Qxe6 25. Rxe6 gxh4 26. Bxh4 Rd6 27. Re7 Rf7
28. Rde1 Rxd4 29. Re8+ Kg7 30. g3 c5 31. Ne4 Bxe4 32. R8xe4 Rd2 33. R4e2 Rd4 34.
a3 Ng5 35. Bxg5 hxg5 36. c3 Rd3 37. Re3 Rd2 38. R3e2 Rd3 39. Re3 Rd5 40. c4 bxc4
41. bxc4 Rd4 42. Re7 Rxc4 43. Rxf7+ Kxf7 44. Re5 Kf6 45. Re3 a5 46. Kf1 c6 47.
Ke2 Kf5 48. Kd3 Rd4+ 49. Kc3 a4 50. f3 g4 51. f4 Kf6 52. Rd3 Rd5 53. Kc4 Rxd3
54. Kxd3 Ke6 55. Kc4 Kd6 56. Kc3 Kd5 57. Kd3 c4+ 58. Kc3 c5 59. Kc2 Kd6 60. Kc3
Kd5 61. Kc2 Kd6 62. Kd2 Kd5 63. Kc2 Ke4 64. Kc3 Kd5 65. Kd2 Kd6 66. Kc3 Kd5
{Game drawn by repetition} 1/2-1/2

[Event "Team 45 45 League T33"]
[Site "Internet Chess Club"]
[Date "2007.05.24"]
[Round "6"]
[White "markev"]
[Black "hotzoddy"]
[Result "1-0"]
[WhiteElo "1377"]
[BlackElo "1438"]
[ECO "D00"]
[TimeControl "2700+45"]

1. d4 d5 2. e3 e6 3. Bd3 c5 4. c3 Nc6 5. f4 Nf6 6. Nd2 c4 7. Bc2 Qb6 8. Ngf3 Be7
9. O-O O-O 10. Ne5 Re8 11. Rf3 Nxe5 12. fxe5 Nh5 13. Bxh7+ Kxh7 14. Rxf7 Kh6 15.
Nf3 g5 16. Qc2 Ng7 17. Bd2 Qd8 18. Rf1 Bd7 19. Ne1 Rg8 20. R1f3 Be8 21. Rh3+ Nh5
22. Qh7# {Black checkmated} 1-0

[Event "Team 45 45 League T33"]
[Site "Internet Chess Club"]
[Date "2007.05.28"]
[Round "6"]
[White "uipawn"]
[Black "WzeroMN"]
[Result "0-1"]
[WhiteElo "1106"]
[BlackElo "1228"]
[ECO "C00"]
[TimeControl "2700+45"]

1. e4 e6 2. d3 d5 3. Be2 c5 4. b3 e5 5. Bb2 d4 6. c3 Nc6 7. cxd4 cxd4 8. Bg4
Bxg4 9. Qxg4 Nf6 10. Qg3 Nh5 11. Qf3 Be7 12. Ba3 Bxa3 13. Nxa3 Qa5+ 14. Kf1 Qxa3
15. Qxh5 O-O-O 16. Qxf7 Qb2 17. Re1 Nb4 18. Nf3 Nxd3 19. Rd1 Nf4 20. Qc4+ Kb8
21. Nxe5 Rc8 22. Qxd4 Qxd4 23. Rxd4 Rc1+ 24. Rd1 Rxd1# {White checkmated} 0-1